 Dungeon Crawl Stone Soup version 0.14.0-25-g43f8a4e (webtiles) character file.

724 Heini the Chopper (level 7, -6/61 HPs)
             Began as a Hill Orc Fighter on Apr 24, 2014.
             Mangled by an ogre
             ... wielding a +0,+0 giant club
              (23 damage)
             ... on Level 4 of the Dungeon.
             The game lasted 00:13:09 (3372 turns).

Heini the Chopper (Hill Orc Fighter)                Turns: 3372, Time: 00:13:09

HP  -6/61        AC 13     Str 20      XL: 7   Next: 36%
MP   7/7         EV  4     Int  8      God:
Gold 146         SH 20     Dex 11      Spells:  0 memorised,  6 levels left

rFire  . . .     SeeInvis .     a - +0 war axe
rCold  . . .     Clarity  .     y - +0 plate armour
rNeg   . . .     Conserve .     c - +0 shield
rPois  .         rCorr    .     (no helmet)
rElec  .         rRot     .     (no cloak)
SustAb . .       Spirit   .     C - +0 pair of gloves
rMut   .         Warding  .     (no boots)
Saprov + . .     Stasis   .     (no amulet)
MR     .....                    (no ring)
                                (no ring)

@: not resistant to hostile enchantments, extremely unstealthy
A: saprovore 1
a: no special abilities


You were on level 4 of the Dungeon.
You were not hungry.

You visited 1 branch of the dungeon, and saw 4 of its levels.

You collected 146 gold pieces.

Inventory:

Hand weapons
 a - a +0,+0 war axe (weapon)
Armour
 c - a +0 shield (worn)
 y - a +0 plate armour (worn)
 C - a +0 pair of gloves (worn)
Comestibles
 d - 6 meat rations
 h - a chunk of worker ant flesh
 k - 3 bread rations
 p - 2 snozzcumbers
Scrolls
 b - a scroll of fog {unknown}
 f - 2 scrolls of identify
 g - a scroll of enchant armour {unknown}
 l - a scroll of recharging {unknown}
 n - 2 scrolls of noise {unknown}
 q - 2 scrolls of enchant weapon I {unknown}
 r - 2 scrolls of remove curse {unknown}
 t - a scroll of amnesia {unknown}
 v - a scroll of immolation {unknown}
 x - a scroll of blinking {unknown}
 B - a scroll of fear {unknown}
Potions
 e - a potion of haste
 j - a potion of resistance {unknown}
 m - a potion of cure mutation {unknown}
 s - 2 potions of heal wounds
Books
 u - a book of Party Tricks

   Spells                             Type                      Level
   Summon Butterflies                 Summoning                    1
   Apportation                        Translocation                1
   Blink                              Translocation                2
   Alistair's Intoxication            Transmutation/Poison         4
   Tukima's Dance                     Hexes                        5


   Skills:
 * Level 5.1 Fighting
 * Level 6.0 Axes
 * Level 5.8 Armour
 - Level 5.0 Shields


You had 6 spell levels left.
You didn't know any spells.

Dungeon Overview and Level Annotations

Branches:
Dungeon (4/15)
 Temple: D:4-7

Altars:
Elyvilon
The Shining One

Annotations:
D:4 Pikel


Innate Abilities, Weirdness & Mutations

You can tolerate rotten meat.


Message History

You block the bat's attack. The ogre hits you with a giant club!
You hit the ogre but do no damage.
The ogre is lightly wounded.
The bat hits you but does no damage. You block the ogre's attack.
You slash the ogre!
The ogre is severely wounded.
You block the bat's attack. The bat barely misses you.
The ogre hits you with a giant club!
* * * LOW HITPOINT WARNING * * *
Drink which item? (? for menu, Esc to quit)
You feel better. The bat hits you but does no damage.
You hit the bat.
You kill the bat!
You block the ogre's attack. The ogre hits you with a giant club.
* * * LOW HITPOINT WARNING * * *
You closely miss the ogre.
The ogre is severely wounded.
Drink which item? (? for menu, Esc to quit)
You feel better. The ogre hits you with a giant club!
You die...

#.# #.# #.#
####.##### .
#####........# ...
###....<.......#
....
....###........#
..... #####
#........###@......
#...[....#@OK@.....
#........%.#@......
#........### .....
#######.## ....
...# ... .#### # #
## .#


You could see Pikel, an ogre and 3 slaves.

Vanquished Creatures
  Eustachio (D:4)
  A slave (D:4)
  2 ogres (D:4)
  A scorpion (D:4)
  A crimson imp (D:4)
  An iron imp (D:4)
  A worker ant (D:4)
  A hound skeleton (D:4)
  4 green rats (D:4)
  3 gnolls (D:4)
  6 adders
  A white imp (D:4)
  3 ufetubi (D:4)
  2 giant geckos
  An ooze (D:2)
  3 orcs (D:3)
  17 bats
  A giant cockroach (D:2)
  7 hobgoblins
  2 ball pythons
  A giant newt (D:3)
  A gnoll skeleton (D:4)
  15 goblins
  12 jackals
  13 kobolds
  4 quokkas
  3 rats
108 creatures vanquished.

Notes
Turn   | Place    | Note
--------------------------------------------------------------
     0 | D:1      | Heini, the Hill Orc Fighter, began the quest for the Orb.
     0 | D:1      | Reached XP level 1. HP: 19/19 MP: 1/1
   297 | D:1      | Reached XP level 2. HP: 18/27 MP: 2/2
   614 | D:2      | Found a white marble altar of Elyvilon.
   648 | D:2      | Reached skill level 4 in Fighting
   680 | D:2      | Reached XP level 3. HP: 30/33 MP: 3/3
  1319 | D:3      | Reached XP level 4. HP: 35/40 MP: 4/4
  2267 | D:3      | Reached XP level 5. HP: 46/46 MP: 5/5
  2359 | D:4      | Noticed Eustachio
  2906 | D:4      | Killed Eustachio
  2906 | D:4      | Reached skill level 5 in Axes
  2906 | D:4      | Reached XP level 6. HP: 38/53 MP: 6/6
  2916 | D:4      | Noticed an ogre
  2919 | D:4      | Noticed an ogre
  2920 | D:4      | Killed an ogre
  2920 | D:4      | Reached skill level 5 in Armour
  2928 | D:4      | Killed an ogre
  2928 | D:4      | Reached skill level 5 in Shields
  2982 | D:4      | Found a glowing golden altar of the Shining One.
  2994 | D:4      | Reached XP level 7. HP: 43/60 MP: 7/7
  3035 | D:4      | Reached skill level 5 in Fighting
  3348 | D:4      | Reached skill level 6 in Axes
  3352 | D:4      | Noticed a slave
  3352 | D:4      | Noticed a slave
  3354 | D:4      | Noticed a slave
  3355 | D:4      | Noticed Pikel
  3356 | D:4      | Noticed a slave
  3361 | D:4      | Killed a slave
  3372 | D:4      | Mangled by an ogre

Action                   |  1- 3 |  4- 6 |  7- 9 || total
-------------------------+-------+-------+-------++-------
Melee: War axe           |   165 |   204 |    60 ||   429
  Use: Potion            |       |     1 |     2 ||     3
       Scroll            |       |       |     3 ||     3
